[Event "Titled Tuesday Blitz March 07 Late 2023"]
[White "Duda, Jan-Krzysztof"]
[Black "Fishbein, Alexander"]
[WhiteFideId "1170546"]
[BlackFideId "2000377"]
[WhiteElo "2790"]
[BlackElo "2415"]
[Result "1-0"]
[Round "11"]
[TimeControl "180+2"]
[Date "2023.03.07"]
[WhiteClock "0:01:18"]
[BlackClock "0:00:03"]

1. c3 e5 2. Qa4 Nf6 3. f3 Nc6 4. Kd1 Bc5 5. Qh4 h6 6. Qe1 d5 7. e3 Bf5 8. d4 Bd6 9. Qd2 O-O 10. Bd3 e4 11. Bc2 Re8 12. h3 Qd7 13. g4 Bh7 14. f4 Na5 15. b3 c5 16. Qe2 c4 17. g5 Bg6 18. gxf6 Qf5 19. Qg2 Bh5+ 20. Kd2 g6 21. Ba3 Bxf4 22. Qf2 Bg5 23. Qxf5 gxf5 24. h4 Bxf6 25. Nh3 Bg4 26. Nf4 Rad8 27. Bd1 Bxd1 28. Kxd1 b5 29. Nd2 Nc6 30. Nh5 Bh8 31. Ke2 a5 32. Raf1 b4 33. Rhg1+ Kh7 34. Rxf5 Rd7 35. bxc4 bxa3 36. cxd5 Nd8 37. Rg4 Nb7 38. c4 Nd6 39. Rf6 Rb8 40. c5 Ne8 41. Nxe4 Rb2+ 42. Kd3 Rxa2 43. c6 Re7 44. d6 Nxd6 45. Nxd6 Rh2 46. Nf5 1-0


[Site "https://www.chess.com"]

[Event "Titled Tuesday Blitz March 07 Late 2023"]
[White "Gerzhoy, Leonid"]
[Black "Licznerski, Lukasz"]
[WhiteFideId "2806126"]
[BlackFideId "1179250"]
[WhiteElo "2617"]
[BlackElo "2450"]
[Result "0-1"]
[Round "11"]
[TimeControl "180+2"]
[Date "2023.03.07"]
[WhiteClock "0:00:15"]
[BlackClock "0:00:09"]

1. d4 Nf6 2. Nf3 g6 3. Bg5 Bg7 4. Nbd2 h6 5. Bh4 d6 6. e4 g5 7. Bg3 Nh5 8. c3 e6 9. Bd3 Nd7 10. Qe2 b6 11. O-O-O Bb7 12. Ba6 Qc8 13. Bxb7 Qxb7 14. Ne1 Nxg3 15. hxg3 d5 16. Nd3 O-O-O 17. f4 c5 18. dxc5 Nxc5 19. Nxc5 bxc5 20. fxg5 hxg5 21. Rxh8 Bxh8 22. exd5 Qxd5 23. Ne4 Qxa2 24. Nxc5 Qa1+ 25. Kc2 Qxd1+ 26. Qxd1 Rxd1 27. Kxd1 g4 28. Ke2 Be5 29. Kf2 Kc7 30. Nd3 Bg7 31. Ke3 f5 32. Kf4 Kd6 33. Kg5 a5 34. Kg6 Bh8 35. Kh7 Be5 36. Nxe5 Kxe5 37. Kg6 Ke4 38. Kf6 e5 39. Kg5 a4 40. c4 Kd4 41. Kxf5 Kxc4 42. Kxe5 Kb3 43. Kf4 Kxb2 44. Kxg4 a3 45. Kh5 a2 46. g4 a1=Q 47. g5 Qd1+ 48. Kh6 Qh1+ 49. Kg7 Qxg2 50. g6 Kc3 51. Kh7 Qh3+ 52. Kg8 Qe6+ 53. Kh7 Qf5 54. Kh6 Qf6 55. Kh7 Kd4 56. g7 Qf7 57. Kh8 Qh5+ 58. Kg8 Ke5 59. Kf8 Kf6 60. g8=Q Qc5+ 61. Ke8 Qe7# 0-1


[Site "https://www.chess.com"]

[Event "Titled Tuesday Blitz March 07 Late 2023"]
[White "Lewtak, Damian"]
[Black "Krzyzanowski, Marcin"]
[WhiteFideId "1141724"]
[BlackFideId "1132199"]
[WhiteElo "2302"]
[BlackElo "2471"]
[Result "1/2-1/2"]
[Round "11"]
[TimeControl "180+2"]
[Date "2023.03.07"]
[WhiteClock "0:00:10"]
[BlackClock "0:00:13"]

1. e4 c6 2. Nf3 d5 3. d3 Qc7 4. g3 e5 5. Bg2 Nf6 6. exd5 cxd5 7. O-O Nc6 8. c4 dxc4 9. dxc4 Be6 10. b3 Rd8 11. Qe2 e4 12. Ng5 Qe5 13. Nxe6 Qxe6 14. Bb2 Nd4 15. Bxd4 Rxd4 16. Nc3 Bc5 17. Rad1 O-O 18. Rxd4 Bxd4 19. Nxe4 Nxe4 20. Qxe4 Qxe4 21. Bxe4 b6 22. b4 Rc8 23. Bd5 Kf8 24. Rd1 Bc3 25. a3 a5 26. bxa5 Bxa5 27. Rd3 Rc7 28. h4 g6 29. Kg2 Kg7 30. f4 Re7 31. Kf3 Re1 32. Rb3 Rc1 33. g4 f5 34. gxf5 gxf5 35. Ke3 Kf6 36. a4 Rc2 37. Rd3 Rh2 38. Bf3 Rxh4 39. Rd6+ Ke7 40. Rc6 Rh2 41. Bd5 Bd2+ 42. Kf3 Rh3+ 43. Kg2 Ra3 44. Re6+ Kd8 45. Rxb6 Rxa4 46. Rb8+ Kc7 47. Rb7+ Kd6 48. Rxh7 Bxf4 49. Rf7 Ke5 50. Re7+ Kf6 51. Re6+ Kg5 52. Re8 Ra2+ 53. Kf3 Ra3+ 54. Kf2 Bd6 55. Re6 Bc5+ 56. Ke2 Kg4 57. Rc6 Bd4 58. Kd2 f4 59. Rc8 Bf6 60. Rf8 Bg5 61. Kc2 f3 62. Bxf3+ Rxf3 63. Rxf3 Kxf3 64. c5 Bf4 65. c6 Be5 66. c7 Bxc7 1/2-1/2


[Site "https://www.chess.com"]

[Event "Titled Tuesday Blitz March 07 Late 2023"]
[White "Harsh Suresh"]
[Black "Czernek, Tymon"]
[WhiteFideId "45018464"]
[BlackFideId "1199510"]
[WhiteElo "2227"]
[BlackElo "2156"]
[Result "1-0"]
[Round "11"]
[TimeControl "180+2"]
[Date "2023.03.07"]
[WhiteClock "0:02:20"]
[BlackClock "0:01:45"]

1. e4 c5 2. Nc3 a6 3. g3 b5 4. Bg2 Bb7 5. Nge2 e6 6. O-O b4 7. Na4 d5 8. exd5 exd5 9. d4 c4 10. Re1 Nf6 11. Bg5 Be7 12. Bxf6 gxf6 13. Nf4 Bc6 14. Nc5 Ra7 15. Qh5 Qd6 16. Bxd5 Nd7 17. Ne4 Qc7 18. Bxc6 Qxc6 19. d5 Qb5 20. Nd6+ 1-0


[Site "https://www.chess.com"]

[Event "Titled Tuesday Blitz March 07 Late 2023"]
[White "Poliakova, Varvara"]
[Black "EREBUNI91"]
[WhiteFideId "13518313"]
[WhiteElo "2075"]
[BlackElo "2741"]
[Result "1-0"]
[Round "11"]
[TimeControl "180+2"]
[Date "2023.03.07"]
[WhiteClock "0:02:01"]
[BlackClock "0:02:42"]

1. e4 c5 2. Nf3 d6 3. d4 cxd4 4. Nxd4 Nf6 5. Nc3 a6 6. h3 e5 7. Nde2 h5 8. g3 Be6 9. Bg2 b5 10. a3 Nbd7 11. O-O Rc8 12. Be3 Be7 13. Qd2 Nb6 14. b3 O-O 15. Rad1 Qc7 16. f4 Rfd8 17. f5 Bd7 18. Bf3 1-0


[Site "https://www.chess.com"]

[Event "Titled Tuesday Blitz March 07 Late 2023"]
[White "Shapiro, Viktor"]
[Black "Timmermans, Mark"]
[WhiteFideId "4175700"]
[BlackFideId "1026399"]
[WhiteElo "2152"]
[BlackElo "2460"]
[Result "0-1"]
[Round "11"]
[TimeControl "180+2"]
[Date "2023.03.07"]
[WhiteClock "0:00:19"]
[BlackClock "0:00:48"]

1. c4 Nf6 2. Nc3 e6 3. g3 d5 4. Bg2 Be7 5. Nf3 O-O 6. O-O dxc4 7. Qa4 a6 8. Qxc4 b5 9. Qb3 Bb7 10. d3 Nbd7 11. Bf4 Nd5 12. Nxd5 Bxd5 13. Qc2 Rc8 14. e4 Ba8 15. a4 b4 16. Rac1 c5 17. Rfd1 g5 18. Be3 e5 19. Nd2 h6 20. Nc4 Re8 21. f4 exf4 22. gxf4 Nf8 23. Qf2 gxf4 24. Bxf4 Bg5 25. Qg3 Ng6 26. Bxg5 hxg5 27. Nd6 Nf4 28. Rc2 Qxd6 29. Qxg5+ Ng6 30. Bh3 Rc7 31. Bf5 Qf4 32. Qg2 Qxf5 33. exf5 Bxg2 34. Rxg2 Kg7 35. fxg6 fxg6 36. d4 Rd8 37. d5 Rcd7 38. Rgd2 c4 39. Kf2 Kf6 40. Ke3 Ke5 41. Rd4 Rc8 42. Re4+ Kf5 43. Rf1+ Kg5 44. Kd4 c3 45. Re5+ Kh6 46. bxc3 bxc3 47. Rc1 c2 48. Re2 Rcd8 49. Rexc2 Rxd5+ 50. Ke3 Re8+ 51. Kf2 Rf5+ 52. Kg2 Re4 53. Rc4 Re2+ 54. Kg3 Rg5+ 55. Kf3 Rxh2 56. Rc8 Rh3+ 57. Kf2 Rf5+ 58. Kg2 Ra3 59. R1c4 Ra5 60. R8c6 R3xa4 61. Rxa4 Rxa4 62. Kf3 Kh5 63. Rc5+ g5 64. Rc8 Rf4+ 65. Kg3 Rf6 66. Rh8+ Rh6 67. Ra8 Rb6 68. Rh8+ Kg6 69. Rg8+ Kh6 70. Rh8+ Kg7 71. Ra8 Kf6 72. Rf8+ Ke5 73. Kg4 Kd4 74. Kxg5 Kc4 75. Kf4 a5 76. Ra8 Kb4 77. Ke3 Rd6 78. Rb8+ Ka3 79. Rb5 a4 80. Ke2 Ka2 81. Ke1 a3 82. Ke2 Ka1 83. Ke1 a2 84. Ke2 Rd8 85. Ke1 Rh8 86. Kd1 Rh1+ 87. Kc2 Rb1 88. Ra5 Rb2+ 89. Kc1 Rb7 90. Kc2 Rc7+ 91. Kd2 Kb2 92. Rb5+ Ka3 93. Ra5+ Kb3 94. Rb5+ Ka4 95. Rb8 Ra7 0-1


[Site "https://www.chess.com"]

[Event "Titled Tuesday Blitz March 07 Late 2023"]
[White "Goltsev, Dmitry"]
[Black "Paszewski, Mateusz"]
[WhiteFideId "24176710"]
[BlackFideId "1141058"]
[WhiteElo "2336"]
[BlackElo "2223"]
[Result "1-0"]
[Round "11"]
[TimeControl "180+2"]
[Date "2023.03.07"]
[WhiteClock "0:02:09"]
[BlackClock "0:01:05"]

1. e4 c5 2. Nf3 Nc6 3. d4 cxd4 4. Nxd4 e5 5. Nf5 d5 6. Qxd5 Qxd5 7. exd5 Bxf5 8. dxc6 bxc6 9. Bd3 Bxd3 10. cxd3 O-O-O 11. Ke2 Bc5 12. Be3 Bd4 13. Nc3 Ne7 14. Rhc1 Kb7 15. Ne4 Nf5 16. Rc4 Nd6 17. Rb4+ Ka8 18. Bxd4 exd4 19. Rxd4 Nb5 20. Rxd8+ Rxd8 21. Rc1 f5 22. Nc5 Kb8 23. Kd2 Rd5 24. Ne6 Rd6 25. Nxg7 Rg6 26. Nxf5 Rxg2 27. Ke3 Kc7 28. h4 Rg8 29. Rxc6+ 1-0


[Site "https://www.chess.com"]

[Event "Titled Tuesday Blitz March 07 Late 2023"]
[White "Aldokhin, Ivan"]
[Black "Reprintsev, Alexander"]
[WhiteFideId "24115720"]
[BlackFideId "14100541"]
[WhiteElo "2322"]
[BlackElo "2229"]
[Result "1-0"]
[Round "11"]
[TimeControl "180+2"]
[Date "2023.03.07"]
[WhiteClock "0:00:04"]
[BlackClock "0:00:14"]

1. e4 e5 2. Nf3 Nc6 3. Bb5 Bc5 4. Nxe5 Qg5 5. Ng4 h5 6. d4 Qxg4 7. Qxg4 hxg4 8. dxc5 Nf6 9. Nc3 Nd4 10. Bd3 b6 11. cxb6 axb6 12. Be3 Ne6 13. e5 Nh5 14. g3 Bb7 15. O-O Ra5 16. Nb5 c6 17. Nd6+ Ke7 18. Nc4 Raa8 19. Nxb6 Rab8 20. a4 c5 21. a5 Bc6 22. Bc4 Nd4 23. Bxd4 cxd4 24. b4 f6 25. Rfe1 f5 26. b5 Bf3 27. Bd5 Rxb6 28. Bxf3 Rxb5 29. Bg2 f4 30. Be4 Rxe5 31. a6 Kd6 32. a7 fxg3 33. hxg3 Nf6 34. a8=Q Rxa8 35. Bxa8 Rc5 36. Ra6+ Kc7 37. Bg2 Rxc2 38. Rd1 Rc4 39. Ra7+ Kd6 40. Bf1 Rb4 41. Ra6+ Ke5 42. Ra5+ Kd6 43. Rg5 Ne4 44. Rxg4 Ke5 45. Bg2 Nc3 46. Re1+ Kf5 47. Rf4+ Kg6 48. Bf1 d5 49. Bd3+ Kg5 50. Re5+ Kh6 51. Rh4# 1-0


[Site "https://www.chess.com"]

[Event "Titled Tuesday Blitz March 07 Late 2023"]
[White "Nilsen, Tobias Lang"]
[Black "Korchmar, Vasiliy"]
[WhiteFideId "1521624"]
[BlackFideId "24131750"]
[WhiteElo "2183"]
[BlackElo "2370"]
[Result "0-1"]
[Round "11"]
[TimeControl "180+2"]
[Date "2023.03.07"]
[WhiteClock "0:02:25"]
[BlackClock "0:01:59"]

1. e4 c5 2. Nf3 d6 3. d4 cxd4 4. Nxd4 Nf6 5. Nc3 Nc6 6. Bg5 Bd7 7. Qd2 a6 8. f3 e6 9. O-O-O Be7 10. h4 Nxd4 11. Qxd4 b5 12. a3 Qc7 13. Kb1 O-O 14. Qd2 Rfd8 15. Bd3 Rab8 16. Ne2 a5 17. g4 b4 18. axb4 axb4 19. Bxf6 Bxf6 20. g5 Bc3 21. Qf4 Qa5 22. Nxc3 bxc3 23. b3 Qa3 24. Qc1 Rxb3+ 0-1


[Site "https://www.chess.com"]

[Event "Titled Tuesday Blitz March 07 Late 2023"]
[White "Kokoszczynski, Jan"]
[Black "Cardoso Cardoso, Jose Gabriel"]
[WhiteFideId "1174460"]
[BlackFideId "4430492"]
[WhiteElo "2139"]
[BlackElo "2496"]
[Result "0-1"]
[Round "11"]
[TimeControl "180+2"]
[Date "2023.03.07"]
[WhiteClock "0:00:16"]
[BlackClock "0:01:57"]

1. e4 g6 2. d4 Bg7 3. Nf3 d6 4. Bd3 Nf6 5. O-O O-O 6. h3 Nc6 7. c3 e5 8. Re1 a5 9. Nbd2 exd4 10. cxd4 Nb4 11. Bb1 c5 12. Nf1 Nc6 13. d5 Nb8 14. a4 Nbd7 15. Ne3 b6 16. Nc4 Ne8 17. Bg5 Bf6 18. Bf4 Qe7 19. e5 Nxe5 20. Nfxe5 dxe5 21. Bxe5 Bxe5 22. Rxe5 Qf6 23. Qe1 Ba6 24. Bd3 Bxc4 25. Bxc4 Nd6 26. b3 Rae8 27. Rxe8 Rxe8 28. Qd1 Re4 29. Rc1 Kg7 30. Qd3 Qf4 31. Rc2 Re1+ 0-1


[Site "https://www.chess.com"]

[Event "Titled Tuesday Blitz March 07 Late 2023"]
[White "Sokac, Marko"]
[Black "Martynov, Pavel"]
[WhiteFideId "14531356"]
[BlackFideId "4101260"]
[WhiteElo "2355"]
[BlackElo "2314"]
[Result "0-1"]
[Round "11"]
[TimeControl "180+2"]
[Date "2023.03.07"]
[WhiteClock "0:00:25"]
[BlackClock "0:00:29"]

1. e4 c5 2. a3 e6 3. b4 d5 4. exd5 Qxd5 5. Nc3 Qd8 6. Nf3 Nf6 7. Bb5+ Bd7 8. Bxd7+ Nbxd7 9. bxc5 Bxc5 10. O-O O-O 11. d4 Bb6 12. Re1 Rc8 13. Ne2 Nd5 14. Qd3 Ba5 15. Bd2 Bxd2 16. Nxd2 N5b6 17. c4 Ne5 18. Qe4 Nexc4 19. Nxc4 Nxc4 20. Qxb7 Qa5 21. Qb4 Rfd8 22. Red1 Qa6 23. Ng3 Rb8 24. Qe7 Qd6 25. Qg5 h6 26. Qg4 Rb5 27. a4 Rg5 28. Qe2 Qd5 29. Rac1 Nd6 30. Rc5 Qb3 31. h4 Rd5 32. Rxd5 exd5 33. Rc1 Qxa4 34. Rc7 Qxd4 35. Qe7 Qf6 36. Qxf6 gxf6 37. Rxa7 d4 38. Kf1 d3 39. Ke1 Nc4 40. Ra1 d2+ 41. Ke2 Nb2 0-1


[Site "https://www.chess.com"]

[Event "Titled Tuesday Blitz March 07 Late 2023"]
[White "Fus, Jakub"]
[Black "Dragomirescu, Angela"]
[WhiteFideId "1193023"]
[BlackFideId "1209914"]
[WhiteElo "2335"]
[BlackElo "2171"]
[Result "1-0"]
[Round "11"]
[TimeControl "180+2"]
[Date "2023.03.07"]
[WhiteClock "0:00:05"]
[BlackClock "0:00:05"]

1. e4 e5 2. Nf3 Nc6 3. Bb5 a6 4. Ba4 Bc5 5. c3 Ba7 6. d4 Nge7 7. d5 b5 8. Bc2 Nb8 9. Nxe5 O-O 10. O-O d6 11. Nf3 Ng6 12. Nd4 Re8 13. Qf3 Qh4 14. Qg3 Qxg3 15. hxg3 Nd7 16. Be3 Nf6 17. Nd2 Ng4 18. Rae1 Bd7 19. f3 Nxe3 20. Rxe3 Ne5 21. Kh2 g6 22. g4 Bxg4 23. Ree1 Bd7 24. g4 Kg7 25. Kg3 h6 26. Rh1 Rab8 27. a3 a5 28. b4 axb4 29. axb4 Bb6 30. Ra1 Ra8 31. N2b3 Ra4 32. Na5 Rxb4 33. cxb4 Bxd4 34. Rab1 g5 35. Rhc1 Be3 36. Rd1 Rh8 37. Nb3 h5 38. gxh5 Bf4+ 39. Kg2 Rxh5 40. Rh1 Rxh1 41. Rxh1 Ng6 42. Ra1 Be3 43. Nc1 Nf4+ 44. Kh2 Bd2 45. Nd3 Nxd3 46. Bxd3 Be3 47. Ra5 Bb6 48. Ra8 Kf6 49. Rd8 Ke7 50. Rg8 Kf6 51. Bf1 Bd4 52. Bh3 Bxh3 53. Kxh3 Bc3 54. Rb8 Bxb4 55. Rxb5 Bc5 56. Rb7 Bb6 57. Kg4 Kg6 58. Rb8 Kf6 59. Rg8 Be3 60. Rh8 Bd2 61. Ra8 Be3 62. Rc8 Bb6 63. Rb8 Bc5 64. Rb1 Be3 65. Rh1 Bb6 66. Rh6+ Kg7 67. Rh5 Be3 68. Kf5 Bd2 69. Rh1 Be3 70. Rd1 f6 71. Rb1 Bb6 72. Rb2 Kf7 73. Rh2 Kg7 74. Rh1 Bc5 75. Rc1 Bb6 76. Rh1 Bc5 77. Ra1 Bb6 78. Ra8 Kf7 79. Rc8 Kg7 80. Rd8 Kf7 81. Rd7+ Ke8 82. Ke6 Bd4 83. Rh7 Bb6 84. Kxf6 Be3 85. Ke6 Kf8 86. Rxc7 1-0


[Site "https://www.chess.com"]

[Event "Titled Tuesday Blitz March 07 Late 2023"]
[White "Perske, Thore"]
[Black "Kleiman, Jake"]
[WhiteFideId "12902195"]
[BlackFideId "2020041"]
[WhiteElo "2336"]
[BlackElo "2503"]
[Result "0-1"]
[Round "11"]
[TimeControl "180+2"]
[Date "2023.03.07"]
[WhiteClock "0:00:04"]
[BlackClock "0:00:13"]

1. e4 e5 2. Nf3 Nc6 3. Bb5 a6 4. Ba4 Nf6 5. O-O b5 6. Bb3 Bc5 7. Nc3 O-O 8. d3 h6 9. a3 d6 10. Be3 Bg4 11. h3 Bxf3 12. Qxf3 Nd4 13. Bxd4 Bxd4 14. Nd1 g6 15. c3 Bb6 16. Ne3 c6 17. Rad1 Qe7 18. Rfe1 Kg7 19. Qg3 Kh7 20. Qh4 Rae8 21. Ra1 Bd8 22. a4 Qb7 23. axb5 axb5 24. Qg3 Nh5 25. Qf3 Nf4 26. d4 Bb6 27. Red1 Ra8 28. Rxa8 Rxa8 29. h4 Kg7 30. g3 Nh5 31. Ng4 Qe7 32. dxe5 dxe5 33. Kg2 Ra7 34. Qd3 Nf6 35. Nxf6 Qxf6 36. Qf3 Qe7 37. Qd3 Qc5 38. Rd2 h5 39. Qd6 Qxd6 40. Rxd6 Rc7 41. Bd5 cxd5 42. Rxb6 Rc5 43. Kf3 f5 44. exd5 Rxd5 45. Ke3 e4 46. Ke2 Kf7 47. Ke3 Rd3+ 48. Ke2 Rd5 49. Rb7+ Kf6 50. Rb6+ Kg7 51. Rc6 Kf7 52. b3 Rd3 53. Rc5 b4 54. cxb4 Rxb3 55. Rb5 Kg7 56. Rb7+ Kf6 57. b5 Ke6 58. Rb6+ Kf7 59. Rb7+ Kf6 60. b6 Ke6 61. Rb8 Kf7 62. b7 Kg7 63. Ke1 Rb1+ 64. Kd2 Rb2+ 65. Kc3 Rb1 66. Kd4 Rb2 67. Ke5 Rb5+ 68. Kf4 Rb1 69. Kg5 Rb5 70. Kf4 Rb3 71. Ke5 Rb5+ 72. Kd6 Rb1 73. Kc6 Rc1+ 74. Kd7 Rd1+ 75. Ke7 Rb1 76. Ke6 Rb6+ 77. Ke5 Rb1 78. Kf4 Rb3 79. Kg5 Rb5 80. Rc8 Rxb7 81. Rc6 Rb2 82. Rxg6+ Kh7 83. Rh6+ Kg7 84. Rg6+ Kh7 85. Kxf5 Rxf2+ 86. Kg5 Rf3 87. Rh6+ Kg7 88. Rg6+ Kf7 89. Kxh5 Rf5+ 90. Rg5 Rxg5+ 91. hxg5 e3 92. Kh6 Kg8 93. g6 e2 94. g7 e1=Q 95. g4 Qe6+ 0-1


[Site "https://www.chess.com"]

[Event "Titled Tuesday Blitz March 07 Late 2023"]
[White "Sreyas Payyappat"]
[Black "Papasimakopoulos, Alexandros"]
[WhiteFideId "46674969"]
[BlackFideId "4244125"]
[WhiteElo "2083"]
[BlackElo "2359"]
[Result "1-0"]
[Round "11"]
[TimeControl "180+2"]
[Date "2023.03.07"]
[WhiteClock "0:00:18"]
[BlackClock "0:00:02"]

1. e4 d5 2. exd5 Qxd5 3. d4 Nf6 4. c4 Qd8 5. Nc3 e6 6. Nf3 b6 7. Bd3 Bb7 8. Bg5 Be7 9. Qc2 Nbd7 10. O-O-O Bxf3 11. gxf3 h6 12. Bf4 Bd6 13. Bxd6 cxd6 14. Nb5 Ke7 15. d5 e5 16. Rde1 Nc5 17. f4 e4 18. f3 e3 19. Rxe3+ Kf8 20. Rhe1 a6 21. Nd4 Nh5 22. Bf5 Nxf4 23. b4 Qf6 24. bxc5 Qxd4 25. cxd6 g6 26. d7 gxf5 27. Re8+ Kg7 28. Rxh8 Nd3+ 29. Kb1 Nxe1 30. Rxa8 Nxc2 31. d8=Q Na3+ 32. Kc1 Qxc4+ 33. Kd2 Qd4+ 34. Ke2 Qc4+ 35. Kf2 Qd4+ 36. Kg2 Qd2+ 37. Kg3 f4+ 38. Kh3 Qd4 39. Qh8+ Kg6 40. Rg8+ Kh5 41. Qxd4 Nb5 42. Qe5+ 1-0


[Site "https://www.chess.com"]

[Event "Titled Tuesday Blitz March 07 Late 2023"]
[White "Martinez Ramirez, Lennis"]
[Black "Womacka, Mathias"]
[WhiteFideId "3509079"]
[BlackFideId "4611390"]
[WhiteElo "2439"]
[BlackElo "2377"]
[Result "1-0"]
[Round "11"]
[TimeControl "180+2"]
[Date "2023.03.07"]
[WhiteClock "0:01:23"]
[BlackClock "0:00:27"]

1. e4 c5 2. Nf3 d6 3. Bb5+ Nd7 4. O-O a6 5. Bxd7+ Bxd7 6. d4 cxd4 7. Qxd4 e5 8. Qd3 h6 9. c4 b5 10. Nc3 bxc4 11. Qxc4 Be6 12. Qe2 Nf6 13. h3 Be7 14. Rd1 Qb8 15. Nh4 O-O 16. Qf3 d5 17. exd5 Nxd5 18. Nf5 Bxf5 19. Nxd5 Bc2 20. Nxe7+ Kh8 21. Re1 Qb4 22. Rxe5 Rae8 23. Nd5 Qd6 24. Rxe8 Rxe8 25. Ne3 Be4 26. Qd1 Qg6 27. Bd2 Bb7 28. Qg4 Qd3 29. Bc3 1-0


[Site "https://www.chess.com"]

[Event "Titled Tuesday Blitz March 07 Late 2023"]
[White "Papayan, Oleg"]
[Black "Saveliev, Alexei"]
[WhiteFideId "4193911"]
[BlackFideId "24128546"]
[WhiteElo "2153"]
[BlackElo "2271"]
[Result "0-1"]
[Round "11"]
[TimeControl "180+2"]
[Date "2023.03.07"]
[WhiteClock "0:00:08"]
[BlackClock "0:00:32"]

1. e4 g6 2. d4 Bg7 3. Nc3 d6 4. Be3 Nc6 5. Qd2 e5 6. Nge2 f5 7. exf5 Bxf5 8. d5 Nce7 9. Ng3 Nf6 10. O-O-O O-O 11. f3 a6 12. Bh6 b5 13. a3 Qd7 14. h4 Rab8 15. h5 a5 16. hxg6 Bxg6 17. Bxg7 Kxg7 18. Qh6+ Kg8 19. Bd3 b4 20. axb4 axb4 21. Bxg6 Nxg6 22. Nce4 Nxe4 23. Nxe4 Qg7 24. Qxg7+ Kxg7 25. Ng5 Nf4 26. Nxh7 Rh8 27. Ng5 Kg6 28. Ne4 Rxh1 29. Rxh1 Nxd5 30. Kd2 Nf4 31. Ra1 Ne6 32. Ra7 d5 33. Ng3 Kg5 34. Ne2 Kf5 35. g4+ Kg5 36. Ra6 Re8 37. Ra5 c6 38. Ra6 Rc8 39. c3 bxc3+ 40. bxc3 Nc5 41. Ra7 Rf8 42. Rg7+ Kh6 43. Rc7 Rf6 44. Ng3 Kg5 45. Nf5 Kf4 46. Ke2 e4 47. fxe4 Nxe4 48. Ne7 Nxc3+ 49. Kd3 Na2 50. Kd4 Nb4 51. Kc5 Na6+ 52. Kb6 Nxc7 53. Kxc7 d4 54. Nxc6 Rxc6+ 55. Kxc6 Kxg4 56. Kd5 d3 57. Ke4 d2 58. Ke3 d1=Q 59. Kf2 Qd2+ 60. Kg1 Kg3 61. Kh1 Qd1# 0-1


[Site "https://www.chess.com"]

[Event "Titled Tuesday Blitz March 07 Late 2023"]
[White "Gonzalez, Francisco Silva"]
[Black "Do Valle Cardoso, Lucas"]
[WhiteFideId "1512285"]
[BlackFideId "2163144"]
[WhiteElo "2074"]
[BlackElo "2383"]
[Result "0-1"]
[Round "11"]
[TimeControl "180+2"]
[Date "2023.03.07"]
[WhiteClock "0:00:22"]
[BlackClock "0:00:04"]

1. d4 d5 2. c4 dxc4 3. e4 e5 4. Nf3 exd4 5. Bxc4 Nc6 6. O-O Be6 7. Bb5 Bc5 8. b4 Bb6 9. a4 a6 10. Bxc6+ bxc6 11. Nbd2 a5 12. Ba3 axb4 13. Bxb4 c5 14. a5 cxb4 15. axb6 Rxa1 16. Qxa1 cxb6 17. Qa4+ Qd7 18. Qxb4 d3 19. Ne5 Qc7 20. Qb5+ Bd7 21. Nxd7 Qxd7 22. Qxb6 Ne7 23. Qb8+ Qd8 24. Qb5+ Qd7 25. Qb8+ Nc8 26. Qe5+ Kf8 27. Rc1 f6 28. Qc5+ Ne7 29. Qc4 Ng6 30. g3 Ke7 31. f4 Rd8 32. Qb4+ Kf7 33. Kf2 Ne7 34. Qc4+ Kg6 35. Kf3 Rc8 36. f5+ Kh6 37. Qxc8 Nxc8 38. Ke3 Ne7 39. Rc3 Qa7+ 40. Kxd3 Qf2 41. Rc7 Nxf5 42. exf5 Qxf5+ 43. Ne4 Qf3+ 44. Kd4 f5 45. Rc6+ g6 46. Re6 fxe4 47. Rxe4 Qf2+ 48. Kd3 Qxh2 49. Re3 Kg5 50. Ke4 Kg4 51. Ke5 Qxg3+ 52. Kd4 Qxe3+ 53. Kxe3 Kg3 0-1


[Site "https://www.chess.com"]

[Event "Titled Tuesday Blitz March 07 Late 2023"]
[White "Gasparyan, David"]
[Black "Oro, Faustino"]
[WhiteFideId "13311980"]
[BlackFideId "20000197"]
[WhiteElo "2473"]
[BlackElo "1984"]
[Result "0-1"]
[Round "11"]
[TimeControl "180+2"]
[Date "2023.03.07"]
[WhiteClock "0:00:08"]
[BlackClock "0:00:06"]

1. Nf3 Nf6 2. g3 d5 3. Bg2 c6 4. d3 Bf5 5. O-O e6 6. c4 h6 7. Nc3 Be7 8. cxd5 exd5 9. Qa4 Nbd7 10. b4 O-O 11. Bf4 Nb6 12. Qb3 Bd6 13. Be3 Re8 14. Bd4 Bh7 15. a4 Nbd7 16. Rac1 Qe7 17. Rfe1 Ne5 18. b5 Nfd7 19. bxc6 bxc6 20. a5 Reb8 21. Qa4 Rb4 22. Nxe5 Nxe5 23. Bxe5 Rxa4 24. Bxd6 Qxd6 25. Nxa4 Re8 26. Nc5 Bg6 27. Bf3 Rb8 28. a6 Rb6 29. d4 Be4 30. Nxe4 dxe4 31. Bxe4 Qxd4 32. Bxc6 Rxa6 33. Bb5 Rb6 34. Red1 Qe5 35. Bd3 g6 36. Rc8+ Kg7 37. Rdc1 Qb2 38. R1c7 a5 39. Bc4 Rf6 40. Ra8 Qb1+ 41. Kg2 Qe4+ 42. f3 Qxa8 43. e4 a4 44. Bd5 Qa5 45. Rc8 a3 46. Ra8 Ra6 47. Rb8 a2 48. Rb7 Qxd5 49. exd5 a1=Q 50. Kh3 Qf6 51. Rb3 Qf5+ 52. g4 Qxd5 53. Re3 Rf6 54. Kg3 Qd4 55. Re2 Qg1+ 56. Kh3 Rxf3+ 57. Kh4 g5+ 58. Kh5 Rh3# 0-1


[Site "https://www.chess.com"]

[Event "Titled Tuesday Blitz March 07 Late 2023"]
[White "Guzman, Christopher"]
[Black "Jovic, Stanoje"]
[WhiteFideId "6405096"]
[BlackFideId "905020"]
[WhiteElo "2281"]
[BlackElo "2236"]
[Result "0-1"]
[Round "11"]
[TimeControl "180+2"]
[Date "2023.03.07"]
[WhiteClock "0:00:04"]
[BlackClock "0:00:03"]

1. e4 c6 2. d4 d5 3. exd5 cxd5 4. Bd3 Nc6 5. c3 g6 6. Nf3 Nh6 7. h3 f6 8. O-O Nf7 9. c4 dxc4 10. Bxc4 Bg7 11. Re1 O-O 12. Nc3 a6 13. a3 b5 14. Bd5 Bb7 15. Be3 Kh8 16. Rc1 Rc8 17. Be6 Ra8 18. Qe2 Nd6 19. Red1 Na5 20. Bf4 Nac4 21. Re1 Bxf3 22. gxf3 g5 23. Bg3 Ra7 24. Rcd1 Qa5 25. Nd5 f5 26. Be5 Nxe5 27. dxe5 Nc4 28. Nb4 Nxe5 29. Rd5 Ng6 30. Nc6 Qb6 31. Nxa7 Qxa7 32. Qe3 Qc7 33. Rxf5 Bf6 34. Rc5 Qb8 35. Rec1 Kg7 36. b4 Nf4 37. h4 gxh4 38. Rc8 Rxc8 39. Rxc8 Qd6 40. Rg8+ Kh6 41. Rg4 Be5 42. Rxh4+ Kg5 43. Rg4+ Kf6 44. Bb3 h5 45. Rh4 Kg5 46. Rh1 h4 47. Kf1 Kf6 48. Rg1 h3 49. Rh1 Qc7 50. Qd2 Qc6 51. Qd1 Qc3 52. Rg1 Qb2 53. Bc2 Qxa3 54. Be4 Qxb4 55. Rh1 Qc4+ 56. Kg1 Qc8 57. Kf1 Qg8 58. Rg1 Qc4+ 59. Ke1 Bc3+ 60. Qd2 Qd4 61. Qxc3 Qxc3+ 62. Kd1 Qb2 63. Bd3 Qa1+ 64. Kd2 Qxg1 65. Ke3 Qg5 66. Ke4 Qe5# 0-1


[Site "https://www.chess.com"]

[Event "Titled Tuesday Blitz March 07 Late 2023"]
[White "Baskakov, Egor"]
[Black "Meunier-Pion, Jean"]
[WhiteFideId "24197866"]
[BlackFideId "20685327"]
[WhiteElo "2212"]
[BlackElo "2124"]
[Result "1-0"]
[Round "11"]
[TimeControl "180+2"]
[Date "2023.03.07"]
[WhiteClock "0:00:33"]
[BlackClock "0:00:06"]

1. e4 c5 2. Nf3 d6 3. d4 cxd4 4. Nxd4 Nf6 5. Nc3 a6 6. a4 e6 7. g3 Be7 8. Bg2 O-O 9. O-O Nc6 10. Nce2 d5 11. exd5 exd5 12. h3 Re8 13. Bf4 Ne4 14. c3 Bd7 15. Qb3 Nf6 16. Rad1 Na5 17. Qc2 Rc8 18. Rfe1 Qb6 19. Be3 Nc4 20. Bc1 Bf8 21. Nf4 Qa5 22. Rxe8 Rxe8 23. b3 Nb6 24. Bd2 Qc5 25. a5 Qxa5 26. Be3 Rc8 27. Nde2 Bc6 28. Nd4 Nbd7 29. Nxc6 bxc6 30. c4 dxc4 31. Qxc4 Ne5 32. Qc2 c5 33. Nd5 Nxd5 34. Bxd5 h6 35. Qf5 Re8 36. Bf4 g6 37. Qc2 Bg7 38. Kg2 Qc7 39. Qe2 g5 40. Bxe5 Qxe5 41. Qxa6 Qf5 42. Qc6 Re2 43. Bf3 Re5 44. Rd8+ Kh7 45. g4 Qf4 46. Rd5 Re7 47. Qxc5 Rc7 48. Qd6 Qxd6 49. Rxd6 Rc2 50. Be4+ 1-0


[Site "https://www.chess.com"]